AoeStats
← BSHammer

Pilgrims

507647309Analyzed
4v4 RM · 14d ago on Sep 19, 2026· 78m 44s· 8 players
Game mode
Random Map
Map size
Large (8 player)
Population
200
Speed
Normal
Resources
Standard
Victory
Conquest
Starting age
Dark Age
Ending age
Imperial Age
RankedLock teamsTeams togetherTeam positionsShared explorationLock speedFull tech treeHidden civsTurbo modeCheats
Victory
Defeat
🇺🇸 Armenians · United States
1641
+12
🇺🇸 Burmese · United States
1619
+13
🇺🇸 Goths · United States
1553
+16
🇺🇸 Teutons · United States
1522
+17
🇲🇽 Malay · Mexico
1684
-20
🇲🇽 Gurjaras · Mexico
1549
-14
🇲🇽 Bulgarians · Mexico
1516
-13
🇺🇸 Chinese · United States
1457
-11
VL Le_Manch
7:22 Loom
9:45 Feudal Age
10:59 Double-Bit Axe
13:33 Wheelbarrow
13:32 Gold Mining
16:15 Forging
20:38 Castle Age
19:25 Fletching
20:26 Horse Collar
22:24 Iron Casting
22:54 Gambesons
23:09 Squires
24:42 Fishing Lines
25:52 Scale Mail Armor
26:28 Arson
27:44 Bow Saw
29:50 Chain Mail Armor
30:21 Hand Cart
30:18 Heavy Plow
30:43 Town Watch
36:11 Imperial Age
35:23 Bodkin Arrow
35:36 Scale Barding Armor
35:19 Pikeman
36:18 Halberdier
37:32 Plate Mail Armor
38:13 Blast Furnace
45:51 Bodkin Arrow
49:07 Conscription
50:47 Bagains
52:46 Chemistry
52:00 Siege Engineers
52:47 Chain Barding Armor
52:45 Bloodlines
52:35 Husbandry
54:25 Crop Rotation
58:58 Plate Barding Armor
58:21 Stirrups
58:57 Elite Konnik
62:08 Capped Ram
62:59 Siege Ram
72:29 Light Cavalry
[VL] Rio_BlancoVER
3:46 Loom
13:02 Feudal Age
13:27 Fishing Lines
13:42 Double-Bit Axe
19:50 Castle Age
21:14 Scale Barding Armor
21:20 Forging
22:03 Chain Barding Armor
22:06 Bloodlines
21:17 Light Cavalry
21:52 Gold Mining
21:57 Stone Mining
24:58 Husbandry
26:26 Bow Saw
29:43 Fletching
31:20 Bodkin Arrow
31:26 Padded Archer Armor
33:24 Town Watch
33:58 Squires
33:26 Pikeman
34:07 Scale Mail Armor
36:01 Chain Mail Armor
39:07 Iron Casting
44:00 Gillnets
45:42 Wheelbarrow
45:22 Medium Warships
53:52 Crossbowman
56:30 Elite Skirmisher
VL Formolin
7:14 Loom
9:36 Feudal Age
9:43 Double-Bit Axe
18:00 Castle Age
16:35 Fishing Lines
29:30 Wheelbarrow
34:55 Imperial Age
33:36 Hand Cart
33:40 Gillnets
35:57 Town Watch
39:14 Conscription
39:57 Chemistry
40:20 Forging
40:52 Gold Mining
41:50 Crossbowman
42:35 Thumb Ring
42:21 Fletching
42:53 Ballistics
42:51 Bodkin Arrow
42:27 Arbalester
43:19 Bracer
49:21 Bow Saw
49:58 Coinage
49:48 Padded Archer Armor
51:51 Horse Collar
52:45 Leather Archer Armor
56:08 Heavy Plow
60:48 Pikeman
61:29 Squires
62:03 Ring Archer Armor
62:34 Forging
67:03 Crop Rotation
66:34 Arson
67:25 Iron Casting
69:08 Blast Furnace
69:37 Halberdier
72:38 Stone Mining
VL GaaRa__
7:36 Loom
11:01 Feudal Age
11:33 Double-Bit Axe
13:15 Fletching
16:56 Castle Age
14:53 Stone Mining
18:56 Bow Saw
18:58 Medium Warships
18:29 Fishing Lines
19:43 Forging
21:09 Wheelbarrow
22:31 Town Watch
23:30 Scale Mail Armor
23:17 Man-at-Arms
23:59 Long Swordsman
23:59 Long Swordsman
26:25 Horse Collar
27:00 Arson
27:40 Heavy Plow
31:46 Imperial Age
30:00 Scale Barding Armor
32:29 Bloodlines
32:20 Husbandry
32:57 Kshatriyas
33:01 Heavy Camel Rider
35:14 Chain Barding Armor
44:09 Light Cavalry
55:33 Chemistry
55:47 Thumb Ring
56:08 Ballistics
60:17 Thumb Ring
62:45 Elite Skirmisher
67:34 Bodkin Arrow
koriko9397
9:53 Loom
12:27 Feudal Age
12:33 Man-at-Arms
16:45 Castle Age
17:19 Forging
46:17 Long Swordsman
47:47 Squires
47:34 Gambesons
48:00 Two-Handed Swordsman
49:44 Arson
50:18 Scale Mail Armor
58:03 Fishing Lines
62:18 Champion
65:05 Ballistics
67:43 Gillnets
74:36 Imperial Age
73:08 Chain Mail Armor
74:28 Iron Casting
76:00 Plate Mail Armor
Harristotle
7:06 Loom
13:36 Feudal Age
17:33 Castle Age
15:41 Horse Collar
16:08 Double-Bit Axe
18:22 Wheelbarrow
19:16 Bow Saw
19:04 Stone Mining
25:02 Heavy Plow
25:19 Hand Cart
26:19 Gold Mining
27:10 Town Watch
29:56 Imperial Age
27:50 Pikeman
28:36 Scale Mail Armor
28:47 Forging
29:25 Squires
30:31 Arson
32:25 Conscription
33:34 Fletching
35:35 Halberdier
38:43 Chain Mail Armor
43:01 Iron Casting
43:02 Plate Mail Armor
43:00 Bodkin Arrow
45:22 Crenellations
49:27 Blast Furnace
59:22 Padded Archer Armor
60:25 Chemistry
60:06 Ballistics
59:58 Masonry
59:53 Siege Engineers
60:13 Man-at-Arms
60:39 Gambesons
60:36 Capped Ram
60:43 Long Swordsman
61:29 Two-Handed Swordsman
62:05 Champion
63:30 Leather Archer Armor
64:48 Stone Shaft Mining
72:49 Hoardings
Lucas Ducas
8:42 Loom
11:18 Feudal Age
11:45 Fishing Lines
11:56 Town Watch
15:16 Castle Age
18:19 Horse Collar
22:29 Heavy Plow
25:56 Wheelbarrow
25:28 Stone Mining
28:06 Scale Barding Armor
30:38 Imperial Age
28:45 Bloodlines
28:35 Husbandry
29:01 Forging
28:47 Gold Mining
29:16 Manipur Cavalry
29:57 Husbandry
30:07 Bloodlines
31:00 Chain Barding Armor
31:45 Iron Casting
31:45 Conscription
32:29 Plate Barding Armor
33:21 Iron Casting
34:11 Hand Cart
34:58 Elite Battle Elephant
36:36 Gold Shaft Mining
39:56 Coinage
39:15 Treadmill Crane
39:46 Masonry
40:40 Blast Furnace
39:30 Fletching
40:07 Medium Warships
40:23 Ballistics
41:04 Chemistry
41:40 Banking
41:51 Heavy Warships
41:39 Careening
42:12 Guilds
42:16 Bodkin Arrow
43:13 Bracer
43:45 Architecture
43:29 Clinker Construction
44:41 Dry Dock
46:11 Architecture
46:02 Carvel Hull
46:14 Architecture
46:38 Elite Cannon Galleon
48:22 Murder Holes
49:10 Siege Engineers
49:45 Guard Tower
52:02 Caravan
54:33 Howdah
63:12 Crop Rotation
63:47 Keep
63:36 Fortified Wall
73:53 Man-at-Arms
74:19 Gambesons
74:34 Squires
74:36 Scale Mail Armor
74:37 Long Swordsman
75:33 Chain Mail Armor
75:42 Two-Handed Swordsman
76:58 Plate Mail Armor
76:15 Champion
BSHammer
5:34 Loom
11:45 Feudal Age
16:25 Castle Age
15:43 Double-Bit Axe
16:45 Town Watch
20:41 Forging
29:53 Iron Casting
32:12 Scale Barding Armor
32:08 Scale Mail Armor
37:22 Demolition Ship
39:00 Demolition Ship
43:04 Fishing Lines
48:37 Imperial Age
49:16 Chain Mail Armor
50:56 Blast Furnace
50:57 Perfusion
50:59 Anarchy
50:41 Elite Huskarl
51:55 Squires
62:24 Gillnets
67:57 Wheelbarrow
72:32 Hand Cart
74:45 Horse Collar
Connection lost

Rejoining the realm…

Still unreachable

The connection could not be restored.

Session expired

The server has moved on; the page needs a fresh start.